 Dungeon Crawl Stone Soup version 0.31-a0-1008-g5b978dac0e (webtiles) character file.

Game seed: 8712869947349239716

77780 Dirtsage the Metamorph (level 15, -14/129 HPs)
             Began as an Octopode Shapeshifter on Nov 11, 2023.
             Was an Initiate of Gozag.
             Demolished by a very large slime creature (55 damage)
             ... on level 12 of the Dungeon on Nov 12, 2023.
             The game lasted 00:55:40 (24449 turns).

Dirtsage the Metamorph (Octopode Shapeshifter)     Turns: 24449, Time: 00:55:41

Health: -14/129    AC: 20    Str: 25    XL:     15   Next: 58%
Magic:  24/24      EV: 16    Int: 12    God:    Gozag
Gold:   2246       SH:  5    Dex: 22    Spells: 16/26 levels left

rFire   + .          .
                       - Unarmed
rCold   . . .        (shield currently unavailable)
rNeg    . . .        (helmet currently unavailable)
rPois   .            Q - amulet of reflection
rElec   .            e - +6 ring of strength
rCorr   +            F - ring of protection from fire
SInv    +            H - +4 ring of protection
Will    ++...        S - ring of see invisible
Stlth   ++           K - ring "Ryzekuer" {AC+4 Dex+3}
HPRegen 0.41/turn    C - ring of resist corrosion
MPRegen 0.19/turn    M - ring of willpower
                     W - ring of wizardry

%: reflection, wizardry (x1)
@: about to teleport, snake-form, studying Shapeshifting
A: constrict, boosted hp, almost no armour, amphibious, 8 rings, large,
(camouflage 1), (gelatinous body 1), (nimble swimmer 1), (tentacles)
a: Begin Untransformation, Renounce Religion, Potion Petition, Call Merchant,
Bribe Branch


You were on level 12 of the Dungeon.
You worshipped Gozag.
Gozag was most pleased with you.
You were an enormous anaconda.
You visited 5 branches of the dungeon, and saw 21 of its levels.
You also visited: Ice Cave.

You collected 6884 gold pieces.
You spent 3754 gold pieces at shops.
You paid 884 gold pieces to Gozag.

Inventory:

Missiles
 E - 4 throwing nets
 I - 5 curare-tipped darts
Armour
 k - a +1 hat
Jewellery
 e - a +6 ring of strength (left tentacle)
 p - a ring of ice
 w - an amulet of faith
 C - a ring of resist corrosion (on tentacle)
 F - a ring of protection from fire (right tentacle)
 H - a +4 ring of protection (on tentacle)
 K - the ring "Ryzekuer" (on tentacle) {AC+4 Dex+3}
   (You bought it in a shop on level 4 of the Dungeon)

   [ring of protection]

   AC+4:      It affects your AC (+4).
   Dex+3:     It affects your dexterity (+3).
 M - a ring of willpower (on tentacle)
 Q - an amulet of reflection (around neck)
 S - a ring of see invisible (on tentacle)
 W - a ring of wizardry (on tentacle)
Talismans
 b - a beast talisman
 c - a flux talisman
 u - a serpent talisman (active)
Wands
 z - a wand of iceblast (9)
 G - a wand of flame (8) (quivered)
 N - a wand of mindburst (8)
 O - a wand of polymorph (4)
Scrolls
 a - 7 scrolls of immolation
 f - 5 scrolls of vulnerability
 g - a scroll of fear
 j - a scroll of enchant armour
 n - 3 scrolls of amnesia
 o - a scroll of enchant weapon
 r - 2 scrolls of poison
 s - 6 scrolls of noise
 t - 5 scrolls of teleportation
 y - 4 scrolls of revelation
 B - 3 scrolls of blinking
 T - a scroll of brand weapon
Potions
 d - 4 potions of might
 h - a potion of haste
 i - a potion of cancellation
 l - 5 potions of heal wounds
 q - 6 potions of curing
 v - a potion of experience
 x - a potion of lignification
 A - 4 potions of attraction
 D - 2 potions of magic
 L - 5 potions of mutation
 P - 3 potions of brilliance


   Skills:
 + Level 12.2 Fighting
 + Level 9.0 Dodging
 + Level 12.7 Unarmed Combat
 + Level 6.3 Spellcasting
 + Level 2.6 Conjurations
 - Level 6.2 Translocations
 + Level 2.6 Ice Magic
 + Level 2.6 Air Magic
 + Level 15.8 Shapeshifting


You had 16 spell levels left.
You knew the following spells:

 Your Spells              Type           Power      Damage    Failure   Level
a - Gell's Gravitas       Tloc           18%        N/A       1%          3
b - Lesser Beckoning      Tloc           36%        N/A       1%          2
c - Freezing Cloud        Conj/Ice/Air   5%         6-21      52%         5

Your spell library contained the following spells:

 Spells                   Type           Power      Damage    Failure   Level
 Teleport Other           Tloc           18%        N/A       1%          3
 Cigotuvi's Dreadful Rot  Necr/Pois/Air  10%        N/A       8%          2
 Ignite Poison            Fire/Tmut/Pois 3%         N/A       21%         3
 Cause Fear               Hex            1%         N/A       54%         4
 Fireball                 Conj/Fire      3%         3d4       71%         5
 Dragon's Call            Summ           1%         N/A       100%        9


Dungeon Overview and Level Annotations

Branches:
Dungeon (12/15)            Temple (1/1) D:4            Lair (5/5) D:9
  Swamp (0/4) Lair:3        Snake (1/4) Lair:3        Slime (0/5) Lair:5
    Orc (2/2) D:11            Elf (0/3) Orc:2         IceCv (visited)

Altars:
Ashenzari
Cheibriados
Dithmenos
Elyvilon
Fedhas
Gozag
Hepliaklqana
Kikubaaqudgha
Makhleb
Nemelex Xobeh
Okawaru
Qazlal
Ru
Sif Muna
Trog
Uskayaw
Vehumet
Wu Jian
Xom
Yredelemnul
Zin
The Shining One
Jiyva

Shops:
D:4 =[!([   D:5 *   D:11 (   Orc:1 ?(:!   Orc:2 :[*(   Lair:5 *

Annotations:
D:6 5 runed translucent doors, Crazy Yiuf
D:8 2 transporters
Lair:1 2 runed translucent doors, Weusopre's ghost, novice DrCj
Orc:1 1 runed translucent door, AceOff's ghost, journeyman OgFi


Innate Abilities, Weirdness & Mutations

You are an enormous anaconda.
You have a powerful constriction melee attack.
Your maximum health is increased.
Your armour is entirely melded.
You are incapable of wielding weapons or throwing items.
You cannot wear most types of armour.
You are amphibious.
You can wear up to eight rings at the same time.
((Your skin changes colour to match your surroundings (Stealth+).))
((Your rubbery body absorbs attacks. (AC +1, EV +1)))
((You are camouflaged when in or above water. (Stealth+)))
((You have tentacles for arms and can constrict up to eight enemies at once.))


Message History

Items here: )))) [[[[.
Two slime creatures merge to form a large slime creature.
Two slime creatures merge to form a large slime creature.
The slime creature quivers.
You body-slam the large slime creature!!
The large slime creature is moderately wounded.
The large slime creature misses you.
You lash the large slime creature!
The large slime creature is moderately wounded.
The large slime creature hits you!!
You take 21 damage, and have 108/129 hp.
You lash the large slime creature!
The large slime creature is heavily wounded.
The large slime creature hits you!!
You take 28 damage, and have 80/129 hp.
MASSIVE DAMAGE!!
You lash the large slime creature!
The large slime creature is heavily wounded.
You body-slam the large slime creature!!
The large slime creature is severely wounded.
Two slime creatures merge to form a very large slime creature.
You body-slam the very large slime creature!!
The very large slime creature is heavily wounded.
The very large slime creature hits you!!!
* * * LOW HITPOINT WARNING * * *
You take 45 damage, and have 36/129 hp.
MASSIVE DAMAGE!!
The very large slime creature attacks as it pursues you!
The very large slime creature barely misses you.
As you read the scroll of teleportation, it crumbles to dust.
You feel strangely unstable.
The very large slime creature hits you!!
* * * LOW HITPOINT WARNING * * *
You take 30 damage, and have 7/129 hp.
MASSIVE DAMAGE!!
You feel much better.
The very large slime creature hits you!!
* * * LOW HITPOINT WARNING * * *
You regained 12 hp, and now have 19/129 hp.
You feel much better.
The very large slime creature hits you!!!
You die...
Your body crumbles into a pile of gold.

#.####### #
###########J......#
#
............####.##
# ########..### #
#.## # #.# #.# #J#
#S# #.#
#####'#########
#...>.........#
#.............+
#.............#
#.............#
#.....[.......#
#######'#######


You could see a very large slime creature.

Vanquished Creatures
  Frances (D:12)
  2 azure jellies (IceCv)
  An orc warlord (Orc:2)
  Harold (Orc:1)
  4 catoblepae
  3 hydras
  4 two-headed ogres
  A centaur warrior (D:9)
  A boulder beetle (Lair:4)
  9 death yaks
  3 orc high priests (Orc:2)
  Sonja (D:11)
  3 skysharks
  Pikel (D:4)
  A deep elf pyromancer (D:12)
  An oklob plant (Lair:5)
  A cyclops (Orc:1)
  An ugly thing (D:11)
  7 orc sorcerers
  6 orc knights
  3 manticores
  7 black mambas
  6 elephants
  2 ice statues (IceCv)
  Joseph (D:9)
  15 cane toads
  An unseen horror (D:11)
  Maggie (D:9)
  Psyche (D:9)
  2 kobold demonologists
  Jeremiah (D:9)
  3 rime drakes
  12 komodo dragons
  4 polar bears
  4 trolls
  Grinder (D:6)
  11 dream sheep
  11 blink frogs
  Sigmund (D:3)
  A spriggan (Lair:3)
  18 slime creatures
  5 wyverns
  2 wraiths (D:9)
  45 yaks
  A shadow (D:11)
  7 vampire mosquitoes
  2 basilisks (Lair:2)
  5 steam dragons
  3 wargs
  Edmund (D:4)
  27 water moccasins
  6 great orb of eyes simulacra (IceCv)
  8 ogres
  23 orc warriors
  A sky beast (D:7)
  4 black bears
  3 centaurs
  26 wolves
  A slime creature simulacrum (IceCv)
  4 phantoms
  4 lemures
  6 kobold brigands
  15 bullfrogs
  A glowing shapeshifter simulacrum (IceCv)
  5 scorpions
  7 wights
  4 killer bees (D:8)
  6 electric eels
  4 howler monkeys
  7 jellies
  17 orc priests
  9 hounds
  A sleepcap (D:5)
  2 gnoll boudas
  4 iguanas
  Natasha (thrice) (D:3)
  32 orc wizards
  3 shapeshifter simulacra (IceCv)
  9 gnolls
  7 adders
  A shadow imp (D:6)
  17 white imps
  4 worms
  4 dart slugs
  72 orcs
  5 ball pythons
  7 endoplasms
  3 giant cockroaches
  3 goblins
  8 hobgoblins
  4 jackals (D:4)
  A quokka (D:4)
  6 bats
  A frilled lizard (D:1)
  27 kobolds
  3 rats
644 creatures vanquished.

Vanquished Creatures (others)
  An unseen horror (D:11)
  A slime creature (IceCv)
2 creatures vanquished.

Grand Total: 646 creatures vanquished

Notes
Turn   | Place    | Note
-------+----------+-------------------------------------------
     0 | D:1      | Dirtsage the Octopode Shapeshifter began the quest for the
                  | Orb.
     0 | D:1      | Reached XP level 1. HP: 13/13 MP: 1/1
   121 | D:1      | Reached XP level 2. HP: 15/18 MP: 2/2
   314 | D:1      | Found a faded altar of an unknown god.
   768 | D:2      | Reached XP level 3. HP: 20/23 MP: 3/3
  1058 | D:2      | Reached XP level 4. HP: 29/29 MP: 4/4
  1496 | D:3      | Noticed Sigmund
  1527 | D:3      | Killed Sigmund
  1528 | D:3      | Reached skill level 4 in Shapeshifting
  1528 | D:3      | Reached XP level 5. HP: 29/35 MP: 5/5
  1528 | D:3      | Reached XP level 6. HP: 34/41 MP: 6/6
  1931 | D:3      | Noticed Natasha
  1936 | D:3      | Killed Natasha
  1937 | D:3      | Reached skill level 5 in Unarmed Combat
  2068 | D:3      | Noticed Natasha
  2071 | D:3      | Killed Natasha
  2220 | D:3      | Noticed Natasha
  2229 | D:3      | Killed Natasha
  2354 | D:4      | Noticed Pikel
  2506 | D:4      | Killed Pikel
  2507 | D:4      | Reached skill level 6 in Shapeshifting
  2507 | D:4      | Reached XP level 7. HP: 24/48 MP: 7/7
  2600 | D:4      | Noticed Edmund
  2614 | D:4      | Killed Edmund
  2615 | D:4      | Reached XP level 8. HP: 54/54 MP: 8/8
  2992 | D:4      | Found a staircase to the Ecumenical Temple.
  3242 | D:4      | Found a white marble altar of Elyvilon.
  3381 | D:4      | Found Nuvutorch's Jewellery Boutique.
  3428 | D:4      | Found Enwe Iwo's Antique Weapon Emporium.
  3641 | D:4      | Found Odakotin's Armour Boutique.
  3689 | D:4      | Found Pigul's Distillery.
  3692 | D:4      | Bought a potion of heal wounds for 60 gold pieces
  3697 | D:4      | Found Oqatab's Armour Emporium.
  3776 | Temple   | Entered the Ecumenical Temple
  3785 | Temple   | Became a worshipper of Gozag Ym Sagoz the Greedy
  3812 | D:5      | Entered Level 5 of the Dungeon
  4109 | D:5      | Reached skill level 7 in Shapeshifting
  4112 | D:5      | Reached skill level 5 in Fighting
  4185 | D:5      | Learned a level 3 spell: Gell's Gravitas
  4378 | D:5      | Reached XP level 9. HP: 37/61 MP: 9/9
  4778 | D:5      | Found Vedaxyn's General Store.
  4785 | D:5      | Bought 3 scrolls of identify for 72 gold pieces
  4925 | D:6      | Reached skill level 8 in Shapeshifting
  4982 | D:6      | Found a runed translucent door.
  4983 | D:6      | Noticed Crazy Yiuf
  5231 | D:6      | Found a glowing silver altar of Zin.
  5364 | D:6      | Noticed Grinder
  5387 | D:6      | Reached skill level 9 in Shapeshifting
  5590 | D:6      | Found a runed translucent door.
  5750 | D:6      | Paralysed by Grinder for 4 turns
  5757 | D:6      | Killed Grinder
  5969 | D:6      | Reached XP level 10. HP: 68/69 MP: 10/10
  6125 | D:6      | Found a runed translucent door.
  6126 | D:6      | Found a runed translucent door.
  6126 | D:6      | Found a runed translucent door.
  6127 | D:6      | Found a runed translucent door.
  6414 | D:4      | Bought a +4 ring of protection for 396 gold pieces
  6414 | D:4      | Bought a ring of see invisible for 165 gold pieces
  6477 | D:7      | Found an ornate altar of the Wu Jian Council.
  6534 | D:7      | Found an ancient bone altar of Kikubaaqudgha.
  7445 | D:8      | Reached skill level 10 in Shapeshifting
  7610 | D:8      | Found a transporter.
  7703 | D:8      | Noticed a two-headed ogre
  7713 | D:8      | Killed a two-headed ogre
  7956 | D:8      | Found the +5 robe of Misfortune {Harm *Corrode *Slow EV+5}
  8122 | D:8      | Found a transporter.
  8312 | D:9      | Noticed Joseph
  8319 | D:9      | Killed Joseph
  8434 | D:9      | Noticed a two-headed ogre
  8450 | D:9      | Killed a two-headed ogre
  8451 | D:9      | Reached XP level 11. HP: 52/77 MP: 11/11
  8506 | D:9      | Noticed Psyche
  8682 | D:9      | Reached skill level 11 in Shapeshifting
  8786 | D:9      | Noticed Jeremiah
  8788 | D:9      | Noticed Maggie
  8798 | D:9      | Killed Maggie
  8799 | D:9      | Killed Jeremiah
  8941 | D:9      | Killed Psyche
  9461 | D:9      | Found a staircase to the Lair.
  9679 | D:9      | Noticed a centaur warrior
  9689 | D:9      | Killed a centaur warrior
  9840 | D:10     | Entered Level 10 of the Dungeon
 10309 | D:10     | Reached skill level 10 in Unarmed Combat
 10309 | D:10     | Reached skill level 12 in Shapeshifting
 10849 | D:4      | Bought the ring "Ryzekuer" {AC+4 Dex+3} for 542 gold pieces
 10849 | D:4      | Bought a ring of resist corrosion for 220 gold pieces
 10849 | D:4      | Bought a ring of willpower for 275 gold pieces
 10971 | Lair:1   | Entered Level 1 of the Lair of Beasts
 10983 | Lair:1   | You fall into a shaft and drop 1 floor!
 11385 | Lair:2   | Reached XP level 12. HP: 77/85 MP: 12/12
 11498 | Lair:2   | Identified the +3 quarterstaff "Watzibaa" {holy, *Noise
                  | +Blink Int-2 Dex+9}
 12190 | Lair:1   | Found a large runed translucent door.
 12190 | Lair:1   | Found a large runed translucent door.
 12191 | Lair:1   | Noticed Weusopre's ghost (novice DrCj)
 12541 | Lair:1   | Reached skill level 5 in Dodging
 12643 | Lair:1   | Reached skill level 13 in Shapeshifting
 13016 | D:4      | Bought a ring of wizardry for 330 gold pieces
 13520 | Lair:3   | Noticed a skyshark
 13556 | Lair:2   | Reached skill level 10 in Fighting
 13702 | Lair:3   | Reached skill level 1 in Translocations
 13706 | Lair:3   | Reached skill level 1 in Spellcasting
 13851 | Lair:3   | Found a staircase to the Snake Pit.
 14098 | Lair:3   | Noticed a catoblepas
 14114 | Lair:3   | Killed a catoblepas
 14115 | Lair:3   | Reached XP level 13. HP: 58/93 MP: 16/16
 14661 | Lair:3   | Found a staircase to the Swamp.
 15098 | Snake:1  | Entered Level 1 of the Snake Pit
 15653 | Lair:4   | Reached skill level 14 in Shapeshifting
 15860 | Lair:4   | Learned a level 2 spell: Lesser Beckoning
 16772 | Lair:5   | Entered Level 5 of the Lair of Beasts
 16873 | Lair:5   | Reached XP level 14. HP: 101/101 MP: 20/20
 17011 | Lair:5   | Found a viscous altar of Jiyva.
 17045 | Lair:5   | Found a staircase to the Slime Pits.
 17334 | Lair:5   | Reached skill level 5 in Translocations
 18527 | Lair:5   | Reached skill level 5 in Spellcasting
 19359 | D:11     | Reached skill level 15 in Shapeshifting
 19390 | D:11     | Found a staircase to the Orcish Mines.
 19415 | D:11     | Found a frozen archway.
 19476 | IceCv    | Entered an ice cave
 20453 | IceCv    | Found a viscous altar of Jiyva.
 20453 | IceCv    | Noticed an azure jelly
 20463 | IceCv    | Killed an azure jelly
 20483 | IceCv    | Noticed an azure jelly
 20491 | IceCv    | Killed an azure jelly
 20492 | IceCv    | Reached XP level 15. HP: 89/108 MP: 23/23
 20517 | IceCv    | Identified the +0 robe "Plog" {rN+ Slay+5}
 20670 | D:11     | Found Megih's Weapon Shop.
 20908 | D:11     | Found a shadowy altar of Dithmenos.
 21039 | D:11     | Noticed Sonja
 21042 | D:11     | Killed Sonja
 21256 | Orc:1    | Entered Level 1 of the Orcish Mines
 21256 | Orc:1    | Found Rips's Magic Scroll Shoppe.
 21256 | Orc:1    | Found Fenlebor's Antique Weapon Shop.
 21258 | Orc:1    | Noticed Harold
 21268 | Orc:1    | Killed Harold
 21275 | Orc:1    | Reached skill level 1 in Conjurations
 21275 | Orc:1    | Reached skill level 1 in Ice Magic
 21275 | Orc:1    | Found Sedoaceunt's Self-Improvement Boutique.
 21293 | Orc:1    | Bought a scroll of identify for 26 gold pieces
 21293 | Orc:1    | Bought a scroll of identify for 26 gold pieces
 21293 | Orc:1    | Bought a scroll of identify for 26 gold pieces
 21327 | Orc:1    | Bought a scroll of teleportation for 39 gold pieces
 21327 | Orc:1    | Bought a scroll of teleportation for 39 gold pieces
 21327 | Orc:1    | Bought a scroll of blinking for 97 gold pieces
 21327 | Orc:1    | Bought a scroll of blinking for 97 gold pieces
 21369 | Orc:1    | Found a shimmering altar of Xom.
 21369 | Orc:1    | Noticed AceOff's ghost (journeyman OgFi)
 21387 | Orc:1    | Found a runed translucent door.
 21439 | Orc:1    | Bought a manual of Shapeshifting for 960 gold pieces
 21536 | Orc:2    | Entered Level 2 of the Orcish Mines
 21591 | Orc:1    | Reached skill level 1 in Air Magic
 21743 | Orc:2    | Found a staircase to the Elven Halls.
 22053 | Orc:1    | Found Xuannim's Distillery.
 22153 | Orc:1    | Bought a potion of cancellation for 128 gold pieces
 22153 | Orc:1    | Bought a potion of heal wounds for 80 gold pieces
 22153 | Orc:1    | Bought a potion of heal wounds for 80 gold pieces
 22153 | Orc:1    | Bought 2 potions of curing for 96 gold pieces
 22490 | Orc:2    | Noticed an orc warlord
 22790 | Orc:1    | Learned a level 5 spell: Freezing Cloud
 22816 | Orc:2    | Killed an orc warlord
 23190 | Orc:2    | Found Neyvvust's Antique Weapon Emporium.
 23868 | Orc:2    | Found Somuataw's Assorted Antiques.
 23879 | Orc:2    | Found Afeseqal's Armour Shop.
 23879 | Orc:2    | Found Tiesel's Book Shop.
 24011 | Orc:2    | Upgraded the game from 0.31-a0-1005-gfbdfbacc72 to
                  | 0.31-a0-1008-g5b978dac0e
 24207 | D:12     | Noticed Frances
 24218 | D:12     | Killed Frances
 24449 | D:12     | Demolished by a very large slime creature

Illustrated notes

Levels and vault maps discovered:
D:1:      giann_horns, layout_loops_ring, shapermc_ecumenical_altar_gd
D:2:      layout_rooms, kennysheep_decorative_pillar, minmay_circle_x
D:3:      layout_loops_ring, minmay_stone_trees_small, st_stairs_12,
          nicolae_concentric_dashed_squares_mild, minmay_misc_feat_diagonals,
          uniq_sigmund, uniq_natasha
D:4:      layout_loops_ring, mainiacjoe_overflow_concentric_impassable,
          minmay_temple_entry_ruins, serial_shops, nicolae_shop_behind_doors,
          nicolae_shop_window_shopping, nicolae_shop_overgrown_old_shop,
          nicolae_shop_pleasant_corner_grove, nicolae_shop_hallway_stairs,
          minivault_4, grunt_ministairs_6, uniq_pikel, uniq_edmund
D:5:      wad_woods_pond, layout_basic, serial_shops, nicolae_shop_peninsula,
          minmay_misc_feat_rows
D:6:      layout_loops_ring, mainiacjoe_overflow_six_doors_small,
          lightli_church_of_beogh, uniq_crazy_yiuf_cottage, uniq_grinder
D:7:      layout_rooms, mainiacjoe_overflow_catch_the_wave, serial_aquarium,
          aquarium_bridge_straight [aquarium_subvault_bridge,
          aquarium_subvault_wall, aquarium_subvault_bridge,
          aquarium_subvault_wall], aquarium_window_1, aquarium_window_3,
          aquarium_window_fake, aquarium_window_1, aquarium_view_2b,
          aquarium_view_2e
D:8:      layout_loops_ring, nicolae_diode_stairs
D:9:      layout_cave_pools, erik_lair_island, uniq_jeremiah, uniq_psyche,
          uniq_maggie, uniq_joseph
D:10:     layout_rooms
D:11:     layout_roguey, orc_0_dummy, portal_ice_cave_entry_imps, serial_shops,
          nicolae_shop_bloodbath_and_beyond, grunt_dithmenos_shadows, uniq_sonja
D:12:     layout_roguey, special_room [special_room_orc], minmay_the_grid_2x2
          [minmay_the_grid_minigrid_small, minmay_the_grid_small_cups,
          minmay_the_grid_odd_star,
          minmay_the_grid_prize_four_corners_diamond_b], uniq_frances
Temple:   compressed_dpeg_circular_temple
Lair:1:   layout_long_grid, ebering_ghost_disaster_area, serial_bayou_shore_a
Lair:2:   layout_misc_corridors, serial_bayou_shore_b
Lair:3:   layout_big_grid, swamp_mist, minmay_snake_entry_six_corridors,
          grunt_forest_large_clearings, grunt_megastairs_5, lemuel_fruit_tree
Lair:4:   nzn_winding_woodlands_medium [nzn_winding_woodlands_hourglass,
          nzn_winding_woodlands_5x15_pathside_ponds,
          nzn_winding_woodlands_5x5_cross, nzn_winding_woodlands_5x5_open_star,
          nzn_winding_woodlands_center_diamonds,
          nzn_winding_woodlands_5x5_three,
          nzn_winding_woodlands_5x5_closed_star,
          nzn_winding_woodlands_5x15_pockets,
          nzn_winding_woodlands_5x5_perimeter], layout_layer_cave,
          beast_lair_carwin_1
Lair:5:   evilmike_catoblepas_cave, layout_hall_layers,
          nicolae_slime_entry_field_trip
Snake:1:  nicolae_snakescales, layout_gridlike, serial_bayou_pond_d, uniq_aizul
Orc:1:    layout_caves, ebering_ghost_xom, serial_shops, shop, shop,
          nicolae_square_shop, nicolae_shop_self_help, uniq_harold
Orc:2:    st_orc_elflike, layout_diamond_mine

Skill      XL: |  1  2  3  4  5  6  7  8  9 10 11 12 13 14 15 |
---------------+----------------------------------------------+-----
Fighting       | 2 4 5 6 8 9 10 11 12 | 12.2
Unarmed Combat | 4 5 6 8 9 10 11 12 | 12.7
Shapeshifting  | 4 6 7 9 10 12 13 14 15 | 15.8
Dodging        | 4 5 7 8 9 |  9.0
Translocations | 2 4 6 |  6.2
Spellcasting   | 2 4 5 6 |  6.3
Conjurations   | 2 |  2.6
Ice Magic      | 2 |  2.6
Air Magic      | 2 |  2.6

Action                     |  1- 3 |  4- 6 |  7- 9 | 10-12 | 13-15 || total
---------------------------+-------+-------+-------+-------+-------++-------
  Melee: Unarmed           |    54 |    91 |   172 |   512 |   967 ||  1796
         Constrict         |    12 |    20 |    37 |   134 |   191 ||   394
         Tentacles         |     8 |    21 |    16 |       |       ||    45
         Punch             |     2 |     3 |     5 |       |     3 ||    13
   Cast: Gell's Gravitas   |       |       |       |       |     9 ||     9
         Lesser Beckoning  |       |       |       |       |     7 ||     7
         Freezing Cloud    |       |       |       |       |     1 ||     1
 Invoke: Call Merchant     |       |       |       |       |     1 ||     1
  Evoke: Wand              |       |       |     2 |    16 |     8 ||    26
    Use: Potion            |     1 |     1 |     1 |       |    10 ||    13
         Scroll            |       |     2 |     8 |     2 |    16 ||    28
   Stab: Sleeping          |     8 |     4 |     1 |     1 |     3 ||    17
         Distracted        |       |     1 |       |     6 |     8 ||    15
 Armour: Skin              |    20 |    41 |    84 |   341 |   578 ||  1064
  Dodge: Dodged            |    31 |    27 |    73 |   214 |   452 ||   797
  Block: Other             |       |       |       |       |   150 ||   150
         Reflection        |       |       |       |       |    10 ||    10
   Form: Anaconda          |       |       |     1 |       |       ||     1

Table legend: (Time is in decaauts)
 A = Elapsed time spent in this place.
 B = Non-inter-level travel time spent in this place.
 C = Inter-level travel time spent in this place.
 D = Time resting spent in this place.
 E = Time spent auto-exploring this place.
 F = Levels seen in this place.
 G = Mean time per level.
                   A        B        C        D        E       F      G
               +--------+--------+--------+--------+--------+-----+--------+
         Total |  24116 |  22672 |   1444 |   1180 |  16837 |  22 | 1096.2 |
       Dungeon |  12261 |  11179 |   1082 |    713 |   8242 |  12 | 1021.8 |
        Temple |     18 |     10 |      8 |      0 |      0 |   1 |   18.0 |
          Lair |   7935 |   7651 |    284 |      0 |   6324 |   5 | 1587.0 |
     Snake Pit |      1 |      1 |      0 |      0 |      0 |   1 |    1.0 |
  Orcish Mines |   2730 |   2660 |     70 |    467 |   1551 |   2 | 1365.0 |
      Ice Cave |   1168 |   1168 |      0 |      0 |    720 |   1 | 1168.0 |
               +--------+--------+--------+--------+--------+-----+--------+

Top non-repeatable levels by time:
  Lair:5: 2437 daAuts
     D:9: 1717 daAuts
  Lair:4: 1614 daAuts
   Orc:2: 1583 daAuts
     D:6: 1575 daAuts
     D:4: 1484 daAuts
  Lair:3: 1455 daAuts
  Lair:1: 1295 daAuts
   IceCv: 1168 daAuts
     D:5: 1160 daAuts
   Orc:1: 1146 daAuts
  Lair:2: 1132 daAuts
     D:8: 1072 daAuts
     D:3: 996 daAuts
     D:7: 923 daAuts
